 Dungeon Crawl Stone Soup version 0.23-a0-29-g1be82e5 (webtiles) character file.

1 Gildeon the Charmwright (level 1, -3/17 HPs)
             Began as a Demigod Skald on Aug 3, 2018.
             Slain by a gnoll
             ... wielding a +0 spear
              (6 damage)
             ... on level 1 of the Dungeon.
             The game lasted 00:01:48 (135 turns).

Gildeon the Charmwright (Demigod Skald)              Turns: 135, Time: 00:01:48

Health: -3/17      AC:  3    Str: 14    XL:     1   Next: 13%
Magic:  2/5        EV: 12    Int: 17    God:
Gold:   0          SH:  0    Dex: 15    Spells: 2/3 levels left

rFire    . . .     SeeInvis .   a - +0 mace
rCold    . . .     Gourm    .   (no shield)
rNeg     . . .     Faith    .   b - +0 leather armour
rPois    .         Spirit   .   (no helmet)
rElec    .         Reflect  .   (no cloak)
rCorr    .         Harm     .   (no gloves)
MR       .....                  (no boots)
Stlth    +.........             (no amulet)
HPRegen  0.05/turn              (no ring)
MPRegen  0.09/turn              (no ring)

@: infused, very slightly contaminated
A: high mp 1
a: no special abilities


You were on level 1 of the Dungeon.
You were not hungry.

You visited 1 branch of the dungeon, and saw 1 of its levels.

Inventory:

Hand Weapons
 a - a +0 mace (weapon)
Armour
 b - a +0 leather armour (worn)
Potions
 e - a potion of agility {unknown}
 f - a potion of ambrosia {unknown}
Comestibles
 c - a chunk of flesh
 d - a ration


   Skills:
 - Level 1.7 Fighting
 + Level 1.8 Maces & Flails
 - Level 0.8 Armour
 - Level 1.7 Dodging
 + Level 1.8 Spellcasting
 + Level 2.7 Charms


You had 2 spell levels left.
You knew the following spells:

 Your Spells              Type           Power        Failure   Level  Hunger
a - Infusion              Chrm           ##..         8%          1    #......

Your spell library contained the following spells:

 Spells                   Type           Power        Failure   Level  Hunger
 Regeneration             Chrm/Necr      #.........   38%         3    ###....
 Shroud of Golubria       Chrm/Tloc      #.........   22%         2    ###....
 Song of Slaying          Chrm           ##......     12%         2    ###....
 Spectral Weapon          Hex/Chrm       #.......     38%         3    ###....


Dungeon Overview and Level Annotations

Branches:
Dungeon (1/15)


Innate Abilities, Weirdness & Mutations

You have an increased reservoir of magic. (+10% MP)


Message History

Confirm with . or Enter, or press ? or * to list all spells.
You miscast Infusion.
You are very lightly contaminated with residual magic.
Your skin glows momentarily.
The gnoll barely misses you. The gnoll hits you with a spear.
You hit the gnoll.
The gnoll is moderately wounded.
The gnoll hits you with a spear.
You barely miss the gnoll.
The gnoll is moderately wounded.
The gnoll hits you but does no damage.
Casting: Infusion (safe; 8% risk of failure)
Confirm with . or Enter, or press ? or * to list all spells.
You begin infusing your attacks with magical energy.
The gnoll hits you with a spear.
* * * LOW HITPOINT WARNING * * *
You hit the gnoll.
The gnoll is heavily wounded.
The gnoll hits you with a spear.
You die...

.##....##).....########
.##....''.............+
.......##.......#######
......>+..............
.......######'########
.......+...........#
.......#..###.####.#
.##≈####..#≈#....#
.#≈.≈###..≈♣≈###@#
.≈.⌠.≈≈≈≈≈♣⌠♣≈##g#
..≈........♣≈.##g#
...≈...<...≈...#.#
#.≈♣.......♣≈....#
#≈♣⌠♣≈≈≈≈≈♣⌠♣≈##.#
##≈♣≈#####≈♣≈###...
##≈## ##≈## #### ## ##


You could see a gnoll and a hobgoblin.

Vanquished Creatures
  A kobold (D:1)
  A rat (D:1)
  4 toadstools (D:1)
6 creatures vanquished.

Notes
Turn   | Place    | Note
-------+----------+-------------------------------------------
     0 | D:1      | Gildeon the Demigod Skald began the quest for the Orb.
     0 | D:1      | Reached XP level 1. HP: 17/17 MP: 5/5
   135 | D:1      | Slain by a gnoll

Vault maps used:
D:1:      ldierk_water_garden

Action                   || total
-------------------------++-------
Melee: Mace              ||    13
 Cast: Infusion          ||     3
Armor: Leather armour    ||     1
Dodge: Dodged            ||     5

Table legend:
 A = Spawn XP
 B = Non-spawn XP
 C = Spawn XP percentage of total XP
 D = Spawn monster count
 E = Non-spawn monster count
 F = Spawn count percentage of total count
 G = Total turns spent on level
                    A         B        C        D         E        F      G
               +---------+---------+-------+---------+---------+-------+---------
         Total |       0 |       2 |   0.0 |       0 |       2 |   0.0 |   135
               +---------+---------+-------+---------+---------+-------+---------
           D:1 |       0 |       2 |   0.0 |       0 |       2 |   0.0 |   135
               +---------+---------+-------+---------+---------+-------+---------
